Workbook
Name _1Excel_BuiltIn_Print_Area_1_1_1: 'Прил 1'!$A$1:$C$30
Name _2Excel_BuiltIn_Print_Area_7_1_1: #REF!
Name _2Excel_BuiltIn_Print_Area_7_1_1: #REF!
Name _Toc105952698: 'Прил 3 '!$A$2
Name _Toc105952698: #REF!
Name Excel_BuiltIn_Print_Area_1: 'Прил 1'!$A$1:$C$30
Name Excel_BuiltIn_Print_Area_1_1: 'Прил 1'!$A$1:$C$30
Name Excel_BuiltIn_Print_Area_2: #REF!
Name Excel_BuiltIn_Print_Area_2: #REF!
Name Excel_BuiltIn_Print_Area_3: #REF!
Name Excel_BuiltIn_Print_Area_3_1: #REF!
Name Excel_BuiltIn_Print_Area_3_1: #REF!
Name Excel_BuiltIn_Print_Area_4: #REF!
Name Excel_BuiltIn_Print_Area_4: #REF!
Name Excel_BuiltIn_Print_Area_5: 'Прил 3 '!$A$1:$I$45
Name Excel_BuiltIn_Print_Area_5: #REF!
Name Excel_BuiltIn_Print_Area_5_1: 'Прил 3 '!$A$1:$I$45
Name Excel_BuiltIn_Print_Area_5_1: #REF!
Name Excel_BuiltIn_Print_Area_6: 'Прил 2'!$A$1:$G$46
Name Excel_BuiltIn_Print_Area_6_1: 'Прил 2'!$A$1:$G$46
Name Excel_BuiltIn_Print_Area_7: #REF!
Name Excel_BuiltIn_Print_Area_7: #REF!
Name Excel_BuiltIn_Print_Area_7_1: #REF!
Name Excel_BuiltIn_Print_Area_7_1: #REF!

Sheet Прил 1
C1: Приложение 1 к решению Совета депутатов Большеполянского сельского поселения "О бюджете Большеполянского сельского поселения Кадошкинского муниципального района Республики Мордовия на 2022 год и на плановый период 2023 и 2024 годов"
A2: ДОХОДЫ БЮДЖЕТА БОЛЬШЕПОЛЯНСКОГО СЕЛЬСКОГО ПОСЕЛЕНИЯ КАДОШКИНСКОГО МУНИЦИПАЛЬНОГО РАЙОНА РЕСПУБЛИКИ МОРДОВИЯ
C4: (тыс.рублей)
A5: Код бюджетной классификации доходов бюджета | B5: Наименование доходов | C5: Сумма
C6: 2022 год | D6: 2023 год | E6: 2024 год
A7: 1 | B7: 2 | C7: 3 | D7: 4 | E7: 5
B8: ВСЕГО ДОХОДОВ | C8: =SUM(C9+C20) -> 1492.9 | D8: =SUM(D9+D20) -> 868.4 | E8: =SUM(E9+E20) -> 901.9
A9: 00010000000000000000 | B9: НАЛОГОВЫЕ И НЕНАЛОГОВЫЕ ДОХОДЫ | C9: =C10+C13+C15+C17 -> 382 | D9: =D10+D13+D15+D17 -> 385 | E9: =E10+E13+E15+E17 -> 393
A10: 00010100000000000000 | B10: НАЛОГИ НА ПРИБЫЛЬ, ДОХОДЫ | C10: =SUM(C11) -> 17 | D10: =SUM(D11) -> 18 | E10: =SUM(E11) -> 18
A11: 00010102000010000110 | B11: Налог на доходы физических лиц | C11: =SUM(C12) -> 17 | D11: =SUM(D12) -> 18 | E11: =SUM(E12) -> 18
A12: 18210102010010000110 | B12: Налог на доходы физических лиц с доходов, источником которых является налоговый агент, за исключением доходов, в отношении которых исчисление и уплата налога осуществляются в соответствии со статьями 227, 2271 и 228 Налогового кодекса Российской Федерации | C12: 17 | D12: 18 | E12: 18
A13: 00010500000000000000 | B13: НАЛОГИ НА СОВОКУПНЫЙ ДОХОД | C13: =SUM(C14) -> 1 | D13: =SUM(D14) -> 1 | E13: =SUM(E14) -> 1
A14: 18210503010010000110 | B14: Единый сельскохозяйственный налог | C14: 1 | D14: 1 | E14: 1
A15: 00010600000000000000 | B15: НАЛОГИ НА ИМУЩЕСТВО | C15: =SUM(C16) -> 35 | D15: =SUM(D16) -> 35 | E15: =SUM(E16) -> 39
A16: 18210601030100000110 | B16: Налог на имущество физических лиц, взимаемый по ставкам, применяемым к объектам налогообложения, расположенным в границах сельских поселений | C16: 35 | D16: 35 | E16: 39
A17: 00010606000000000110 | B17: Земельный налог | C17: =SUM(C18+C19) -> 329 | D17: =SUM(D18+D19) -> 331 | E17: =SUM(E18+E19) -> 335
A18: 18210606033100000110 | B18: Земельный налог с организаций, обладающих земельным участком, расположенным в границах сельских поселений | C18: 180 | D18: 180 | E18: 180
A19: 18210606043100000110 | B19: Земельный налог с физических лиц, обладающих земельным участком, расположенным в границах сельских поселений | C19: 149 | D19: 151 | E19: 155
A20: 00020200000000000000 | B20: БЕЗВОЗМЕЗДНЫЕ ПОСТУПЛЕНИЯ ОТ ДРУГИХ БЮДЖЕТОВ БЮДЖЕТНОЙ СИСТЕМЫ РОССИЙСКОЙ ФЕДЕРАЦИИ | C20: =C26+C29+C21+C24 -> 1110.9 | D20: =SUM(D26+D29+D21) -> 483.4 | E20: =SUM(E26+E29+E21) -> 508.9
A21: 00020210000000000150 | B21: Дотации бюджетам бюджетной системы Российской Федерации | C21: =C22+C23 -> 386.9 | D21: =D22+D23 -> 99 | E21: =E22+E23 -> 105.4
A22: 91120215001100000150 | B22: Дотации бюджетам сельских поселений на выравнивание бюджетной обеспеченности | C22: =158.8+6.6 -> 165.4 | D22: =92.4+6.6 -> 99 | E22: =98.8+6.6 -> 105.4
A23: 91120215002100000150 | B23: Дотации бюджетам сельских поселений на поддержку мер по обеспечению сбалансированности бюджетов | C23: 221.5 | D23: 0 | E23: 0
A24: 00020220000000000150 | B24: Субсидии бюджетам бюджетной системы Российской Федерации (межбюджетные субсидии) | C24: =C25 -> 250 | D24: =D25 -> 0 | E24: =E25 -> 0
A25: 91120229999100000150 | B25: Прочие субсидии бюджетам сельских поселений | C25: 250 | D25: 0 | E25: 0
A26: 00020230000000000150 | B26: Субвенции бюджетам бюджетной системы Российской Федерации | C26: =SUM(C27+C28) -> 89.9 | D26: =SUM(D27+D28) -> 92.9 | E26: =SUM(E27+E28) -> 96.1
A27: 91120230024100000150 | B27: Субвенции на осуществление государственных полномочий Республики Мордовия по определению перечня должностных лиц, уполномоченных составлять протоколы об административных правонарушениях, предусмотренных Законом Республики Мордовия от 15 июня 2015 года № 38-З "Об административной ответственности на территории Республики Мордовия" | C27: 0.1 | D27: 0.1 | E27: 0.1
A28: 91120235118100000150 | B28: Субвенции бюджетам сельских поселений на осуществление первичного воинского учета на территориях, где отсутствуют военные комиссариаты | C28: 89.8 | D28: 92.8 | E28: 96
A29: 00020240000000000150 | B29: Иные межбюджетные трансферты | C29: =SUM(C30) -> 384.1 | D29: =SUM(D30) -> 291.5 | E29: =E30 -> 307.4
A30: 91120240014100000150 | B30: Межбюджетные трансферты, передаваемые бюджетам сельских поселений из бюджетов муниципальных районов на осуществление части полномочий по решению вопросов местного значения в соответствии с заключенными соглашениями | C30: =30.4+257.4+96.3 -> 384.1 | D30: =30.4+261.1 -> 291.5 | E30: =30.4+277 -> 307.4

Sheet Прил 2
J1: Приложение 2 к решению Совета депутатов Большеполянского сельского поселения "О бюджете Большеполянского сельского поселения Кадошкинского муниципального района Республики Мордовия на 2022 год и на плановый период 2023 и 2024 годов"
A2: ВЕДОМСТВЕННАЯ СТРУКТУРА РАСХОДОВ БЮДЖЕТА БОЛЬШЕПОЛЯНСКОГО СЕЛЬСКОГО ПОСЕЛЕНИЯ КАДОШКИНСКОГО МУНИЦИПАЛЬНОГО РАЙОНА РЕСПУБЛИКИ МОРДОВИЯ НА 2021 ГОД И НА ПЛАНОВЫЙ ПЕРИОД 2023 И 2024 ГОДОВ
L3: (тыс. рублей)
A4: Наименование | B4: Адм | C4: Рз | D4: Прз | E4: Цср | I4: Вр | J4: Сумма
J5: 2022 год | K5: 2023 год | L5: 2024 год
A6: 1 | B6: 2 | C6: 3 | D6: 4 | E6: 5 | F6: 6 | G6: 7 | H6: 8 | I6: 9 | J6: 10 | K6: 11 | L6: 12
A7: ВСЕГО | J7: =J8 -> 1462.8 | K7: =K8 -> 823.3 | L7: =L8 -> 841.8
A8: Администрация Большеполянского сельского поселения Кадошкинского муниципального района Республики Мордовия | B8: 911 | J8: =J9+J47+J56+J63+J79+J86 -> 1462.8 | K8: =K9+K47+K56+K63+K79+K86+K99 -> 823.3 | L8: =L9+L47+L56+L63+L79+L86+L99 -> 841.8
A9: Общегосударственные вопросы | B9: 911 | C9: 01 | J9: =J10+J19+J41 -> 878.9 | K9: =K10+K19+K41 -> 354.6 | L9: =L10+L19+L41 -> 315.7
A10: Функционирование высшего должностного лица субъекта Российской Федерации и муниципального образования | B10: 911 | C10: 01 | D10: 02 | J10: =J11 -> 324.38 | K10: =K11 -> 102.7 | L10: =L11 -> 123.5
A11: Обеспечение деятельности администрации | B11: 911 | C11: 01 | D11: 02 | E11: 65 | J11: =J12 -> 324.38 | K11: =K12 -> 102.7 | L11: =L12 -> 123.5
A12: Высшее должностное лицо | B12: 911 | C12: 01 | D12: 02 | E12: 65 | F12: 1 | J12: =J13+J16 -> 324.38 | K12: =K13 -> 102.7 | L12: =L13 -> 123.5
A13: Расходы на выплаты по оплате труда высшего должностного лица | B13: 911 | C13: 01 | D13: 02 | E13: 65 | F13: 1 | G13: 00 | H13: 41150 | J13: =J14 -> 224.38 | K13: =K14 -> 102.7 | L13: =L14 -> 123.5
A14: Расходы на выплаты персоналу в целях обеспечения выполнения функций государственными (муниципальными) органами, казенными учреждениями, органами управления государственными внебюджетными фондами | B14: 911 | C14: 01 | D14: 02 | E14: 65 | F14: 1 | G14: 00 | H14: 41150 | I14: 100 | J14: =J15 -> 224.38 | K14: =K15 -> 102.7 | L14: =L15 -> 123.5
A15: Расходы на выплаты персоналу государственных (муниципальных) органов | B15: 911 | C15: 01 | D15: 02 | E15: 65 | F15: 1 | G15: 00 | H15: 41150 | I15: 120 | J15: =258-3.52-30.1 -> 224.38 | K15: 102.7 | L15: 123.5 | M15: -3,52-30,1
A16: Субсидии на софинансирование расходных обязательств по финансовому обеспечению деятельности органов местного самоуправления и муниципальных учреждений | B16: 911 | C16: 01 | D16: 02 | E16: 65 | F16: 1 | G16: 00 | H16: 44205 | J16: =J17 -> 100 | K16: =K17 -> 0 | L16: =L17 -> 0
A17: Расходы на выплаты персоналу в целях обеспечения выполнения функций государственными (муниципальными) органами, казенными учреждениями, органами управления государственными внебюджетными фондами | B17: 911 | C17: 01 | D17: 02 | E17: 65 | F17: 1 | G17: 00 | H17: 44205 | I17: 100 | J17: =J18 -> 100 | K17: =K18 -> 0 | L17: =L18 -> 0
A18: Расходы на выплаты персоналу государственных (муниципальных) органов | B18: 911 | C18: 01 | D18: 02 | E18: 65 | F18: 1 | G18: 00 | H18: 44205 | I18: 120 | J18: 100 | K18: 0 | L18: 0
A19: Функционирование Правительства Российской Федерации, высших органов исполнительной власти субъектов Российской Федерации, местных администраций | B19: 911 | C19: 01 | D19: 04 | J19: =J20+J36 -> 553.52 | K19: =K20+K36 -> 250.9 | L19: =L20+L36 -> 191.2
A20: Обеспечение деятельности администрации | B20: 911 | C20: 01 | D20: 04 | E20: 65 | J20: =J21 -> 553.42 | K20: =K21 -> 250.8 | L20: =L21 -> 191.1
A21: Непрограммные расходы в рамках обеспечения деятельности администрации | B21: 911 | C21: 01 | D21: 04 | E21: 65 | F21: 2 | J21: =J23+J25+J31 -> 553.42 | K21: =K23+K25 -> 250.8 | L21: =L23+L25 -> 191.1
A22: Расходы на выплаты по оплате труда работников органов местного самоуправления | B22: 911 | C22: 01 | D22: 04 | E22: 65 | F22: 2 | G22: 00 | H22: 41110 | J22: =J23 -> 294.8 | K22: =K23 -> 215.2 | L22: =L23 -> 128.1
A23: Расходы на выплаты персоналу в целях обеспечения выполнения функций государственными (муниципальными) органами, казенными учреждениями, органами управления государственными внебюджетными фондами | B23: 911 | C23: 01 | D23: 04 | E23: 65 | F23: 2 | G23: 00 | H23: 41110 | I23: 100 | J23: =J24 -> 294.8 | K23: =K24 -> 215.2 | L23: =L24 -> 128.1
A24: Расходы на выплаты персоналу государственных (муниципальных) органов | B24: 911 | C24: 01 | D24: 04 | E24: 65 | F24: 2 | G24: 00 | H24: 41110 | I24: 120 | J24: =294.8 -> 294.8 | K24: =260.3-45.1 -> 215.2 | L24: =188.2-60.1 -> 128.1 | M24: -15 | N24: -45,1 | O24: -60,1
A25: Расходы на обеспечение функций органов местного самоуправленя | B25: 911 | C25: 01 | D25: 04 | E25: 65 | F25: 2 | G25: 00 | H25: 41120 | J25: =J26+J28 -> 106.1 | K25: =K26+K28 -> 35.6 | L25: =L26+L28 -> 63
A26: Закупка товаров, работ и услуг для обеспечения государственных (муниципальных) нужд | B26: 911 | C26: 01 | D26: 04 | E26: 65 | F26: 2 | G26: 00 | H26: 41120 | I26: 200 | J26: =J27 -> 75.1 | K26: =K27 -> 5.6 | L26: =L27 -> 33
A27: Иные закупки товаров, работ и услуг для обеспечения государственных (муниципальных) нужд | B27: 911 | C27: 01 | D27: 04 | E27: 65 | F27: 2 | G27: 00 | H27: 41120 | I27: 240 | J27: 75.1 | K27: 5.6 | L27: 33
A28: Иные бюджетные ассигнования | B28: 911 | C28: 01 | D28: 04 | E28: 65 | F28: 2 | G28: 00 | H28: 41120 | I28: 800 | J28: =J30+J29 -> 31 | K28: =K30 -> 30 | L28: =L30 -> 30
A29: Исполнение судебных актов | B29: 911 | C29: 01 | D29: 04 | E29: 65 | F29: 2 | G29: 00 | H29: 41120 | I29: 830 | J29: 1 | K29: 0 | L29: 0
A30: Уплата налогов, сборов и иных платежей | B30: 911 | C30: 01 | D30: 04 | E30: 65 | F30: 2 | G30: 00 | H30: 41120 | I30: 850 | J30: 30 | K30: 30 | L30: 30
A31: Субсидии на софинансирование расходных обязательств по финансовому обеспечению деятельности органов местного самоуправления и муниципальных учреждений | B31: 911 | C31: 01 | D31: 04 | E31: 65 | F31: 2 | G31: 00 | H31: 44205 | J31: =J32+J34 -> 152.52 | K31: =K32+K34 -> 0 | L31: =L32+L34 -> 0
A32: Расходы на выплаты персоналу в целях обеспечения выполнения функций государственными (муниципальными) органами, казенными учреждениями, органами управления государственными внебюджетными фондами | B32: 911 | C32: 01 | D32: 04 | E32: 65 | F32: 2 | G32: 00 | H32: 44205 | I32: 100 | J32: =J33 -> 75.52 | K32: =K33 -> 0 | L32: =L33 -> 0
A33: Расходы на выплаты персоналу государственных (муниципальных) органов | B33: 911 | C33: 01 | D33: 04 | E33: 65 | F33: 2 | G33: 00 | H33: 44205 | I33: 120 | J33: 75.52 | K33: 0 | L33: 0
A34: Закупка товаров, работ и услуг для обеспечения государственных (муниципальных) нужд | B34: 911 | C34: 01 | D34: 04 | E34: 65 | F34: 2 | G34: 00 | H34: 44205 | I34: 200 | J34: =J35 -> 77 | K34: =K35 -> 0 | L34: =L35 -> 0
A35: Иные закупки товаров, работ и услуг для обеспечения государственных (муниципальных) нужд | B35: 911 | C35: 01 | D35: 04 | E35: 65 | F35: 2 | G35: 00 | H35: 44205 | I35: 240 | J35: 77 | K35: 0 | L35: 0
A36: Непрограммные расходы главных распорядителей средств бюджета Большеполянского сельского поселения Кадошкинского муниципального района Республики Мордовия | B36: 911 | C36: 01 | D36: 04 | E36: 89 | J36: =J37 -> 0.1 | K36: =K37 -> 0.1 | L36: =L37 -> 0.1
A37: Непрограммные расходы в рамках обеспечения деятельности главных распорядителей средств бюджета Большеполянского сельского поселения Кадошкинского муниципального района Республики Мордовия | B37: 911 | C37: 01 | D37: 04 | E37: 89 | F37: 1 | J37: =J38 -> 0.1 | K37: =K38 -> 0.1 | L37: =L38 -> 0.1
A38: Осуществление государственных полномочий Республики Мордовия по определению перечня должностных лиц, уполномоченных составлять протоколы об административных правонарушениях, предусмотренных Законом Республики Мордовия от 15 июня 2015 года № 38-З "Об административной ответственности на территории Республики Мордовия" | B38: 911 | C38: 01 | D38: 04 | E38: 89 | F38: 1 | G38: 00 | H38: 77150 | J38: =J39 -> 0.1 | K38: =K39 -> 0.1 | L38: =L39 -> 0.1
A39: Закупка товаров, работ и услуг для обеспечения государственных (муниципальных) нужд | B39: 911 | C39: 01 | D39: 04 | E39: 89 | F39: 1 | G39: 00 | H39: 77150 | I39: 200 | J39: =J40 -> 0.1 | K39: =K40 -> 0.1 | L39: =L40 -> 0.1
A40: Иные закупки товаров, работ и услуг для обеспечения государственных (муниципальных) нужд | B40: 911 | C40: 01 | D40: 04 | E40: 89 | F40: 1 | G40: 00 | H40: 77150 | I40: 240 | J40: 0.1 | K40: 0.1 | L40: 0.1
A41: Резервные фонды | B41: 911 | C41: 01 | D41: 11 | J41: =J42 -> 1 | K41: =K42 -> 1 | L41: =L42 -> 1
A42: Непрограммные расходы главных распорядителей средств бюджета Большеполянского сельского поселения Кадошкинского муниципального района Республики Мордовия | B42: 911 | C42: 01 | D42: 11 | E42: 89 | J42: =J43 -> 1 | K42: =K43 -> 1 | L42: =L43 -> 1
A43: Непрограммные расходы в рамках обеспечения деятельности главных распорядителей средств бюджета Большеполянского сельского поселения Кадошкинского муниципального района Республики Мордовия | B43: 911 | C43: 01 | D43: 11 | E43: 89 | F43: 1 | J43: =J44 -> 1 | K43: =K44 -> 1 | L43: =L44 -> 1
A44: Резервный фонд администрации Большеполянского сельского поселения Кадошкинского муниципального района Республики Мордовия | B44: 911 | C44: 01 | D44: 11 | E44: 89 | F44: 1 | G44: 00 | H44: 41180 | J44: =J45 -> 1 | K44: =K45 -> 1 | L44: =L45 -> 1
A45: Иные бюджетные ассигнования | B45: 911 | C45: 01 | D45: 11 | E45: 89 | F45: 1 | G45: 00 | H45: 41180 | I45: 800 | J45: =J46 -> 1 | K45: =K46 -> 1 | L45: =L46 -> 1
A46: Резервные средства | B46: 911 | C46: 01 | D46: 11 | E46: 89 | F46: 1 | G46: 00 | H46: 41180 | I46: 870 | J46: 1 | K46: 1 | L46: 1
A47: Национальная оборона | B47: 911 | C47: 02 | J47: =J48 -> 89.8 | K47: =K48 -> 92.8 | L47: =L48 -> 96
A48: Мобилизационная и вневойсковая подготовка | B48: 911 | C48: 02 | D48: 03 | J48: =J51 -> 89.8 | K48: =K51 -> 92.8 | L48: =L51 -> 96
A49: Непрограммные расходы главных распорядителей средств бюджета Большеполянского сельского поселения Кадошкинского муниципального района Республики Мордовия | B49: 911 | C49: 02 | D49: 03 | E49: 89 | J49: =J50 -> 89.8 | K49: =K50 -> 92.8 | L49: =L50 -> 96
A50: Непрограммные расходы в рамках обеспечения деятельности главных распорядителей средств бюджета Большеполянского сельского поселения Кадошкинского муниципального района Республики Мордовия | B50: 911 | C50: 02 | D50: 03 | E50: 89 | F50: 1 | J50: =J51 -> 89.8 | K50: =K51 -> 92.8 | L50: =L51 -> 96
A51: Осуществление государственных полномочий Российской Федерации о первичному воинскому учету на территориях, где отсутствуют военные комиссариаты | B51: 911 | C51: 02 | D51: 03 | E51: 89 | F51: 1 | G51: 00 | H51: 51180 | J51: =J52+J54 -> 89.8 | K51: =K52+K54 -> 92.8 | L51: =L52+L54 -> 96
A52: Расходы на выплаты персоналу в целях обеспечения выполнения функций государственными (муниципальными) органами, казенными учреждениями, органами управления государственными внебюджетными фондами | B52: 911 | C52: 02 | D52: 03 | E52: 89 | F52: 1 | G52: 00 | H52: 51180 | I52: 100 | J52: =J53 -> 85.8 | K52: =K53 -> 88.8 | L52: =L53 -> 92
A53: Расходы на выплаты персоналу государственных (муниципальных) органов | B53: 911 | C53: 02 | D53: 03 | E53: 89 | F53: 1 | G53: 00 | H53: 51180 | I53: 120 | J53: 85.8 | K53: 88.8 | L53: 92
A54: Закупка товаров, работ и услуг для обеспечения государственных (муниципальных) нужд | B54: 911 | C54: 02 | D54: 03 | E54: 89 | F54: 1 | G54: 00 | H54: 51180 | I54: 200 | J54: =J55 -> 4 | K54: =K55 -> 4 | L54: =L55 -> 4
A55: Иные закупки товаров, работ и услуг для обеспечения государственных (муниципальных) нужд | B55: 911 | C55: 02 | D55: 03 | E55: 89 | F55: 1 | G55: 00 | H55: 51180 | I55: 240 | J55: 4 | K55: 4 | L55: 4
A56: Национальная экономика | B56: 911 | C56: 04 | J56: =J57 -> 353.7 | K56: =K57 -> 261.1 | L56: =L57 -> 277
A57: Дорожное хозяйство (дорожные фонды) | B57: 911 | C57: 04 | D57: 09 | J57: =J58 -> 353.7 | K57: =K58 -> 261.1 | L57: =L58 -> 277
A58: Непрограммные расходы главных распорядителей средств бюджета Большеполянского сельского поселения Кадошкинского муниципального района Республики Мордовия | B58: 911 | C58: 04 | D58: 09 | E58: 89 | J58: =J60 -> 353.7 | K58: =K60 -> 261.1 | L58: =L60 -> 277
A59: Непрограммные расходы в рамках обеспечения деятельности главных распорядителей средств бюджета Большеполянского сельского поселения Кадошкинского муниципального района Республики Мордовия | B59: 911 | C59: 04 | D59: 09 | E59: 89 | F59: 1
A60: Иные межбюджетные трансферты на осуществление полномочий по дорожной деятельности в отношении автомобильных дорог местного значения в границах населенных пунктов поселения и обеспечению безопасности дорожного движения на них, включая создание и обеспечение функционирования парковок (парковочных мест), осуществлению муниципального контроля за сохранностью автомобильных дорог местного значения в границах населенных пунктов поселения, организации дорожного движения, а также осуществлению иных полномочий в области использования автомобильных дорог и осуществления дорожной деятельности в соответствии с законодательством Российской Федерации | B60: 911 | C60: 04 | D60: 09 | E60: 89 | F60: 1 | G60: 00 | H60: 44102 | J60: =J61 -> 353.7 | K60: =K61 -> 261.1 | L60: =L61 -> 277
A61: Закупка товаров, работ и услуг для обеспечения государственных (муниципальных) нужд | B61: 911 | C61: 04 | D61: 09 | E61: 89 | F61: 1 | G61: 00 | H61: 44102 | I61: 200 | J61: =J62 -> 353.7 | K61: =K62 -> 261.1 | L61: =L62 -> 277
A62: Иные закупки товаров, работ и услуг для обеспечения государственных (муниципальных) нужд | B62: 911 | C62: 04 | D62: 09 | E62: 89 | F62: 1 | G62: 00 | H62: 44102 | I62: 240 | J62: 353.7 | K62: 261.1 | L62: 277
A63: Жилищно-коммунальное хозяйство | B63: 911 | C63: 05 | J63: =J64+J70 -> 69.3 | K63: =K64+K70 -> 43.7 | L63: =L64+L70 -> 82
A64: Коммунальное хозяйство | B64: 911 | C64: 05 | D64: 02 | J64: =J65 -> 30.4 | K64: =K65 -> 30.4 | L64: =L65 -> 30.4
A65: Непрограммные расходы главных распорядителей средств бюджета Большеполянского сельского поселения Кадошкинского муниципального района Республики Мордовия | B65: 911 | C65: 05 | D65: 02 | E65: 89 | J65: =J66 -> 30.4 | K65: =K66 -> 30.4 | L65: =L66 -> 30.4
A66: Непрограммные расходы в рамках обеспечения деятельности главных распорядителей средств бюджета Большеполянского сельского поселения Кадошкинского муниципального района Республики Мордовия | B66: 911 | C66: 05 | D66: 02 | E66: 89 | F66: 1 | J66: =J67 -> 30.4 | K66: =K67 -> 30.4 | L66: =L67 -> 30.4
A67: Иные межбюджетные трансферты на осуществление полномочий по организации в границах поселения электро-, тепло-, газо- и водоснабжения населения, водоотведения, снабжения населения топливом в пределах полномочий, установленных законодательством Российской Федерации | B67: 911 | C67: 05 | D67: 02 | E67: 89 | F67: 1 | G67: 00 | H67: 44101 | J67: =J68 -> 30.4 | K67: =K68 -> 30.4 | L67: =L68 -> 30.4
A68: Закупка товаров, работ и услуг для обеспечения государственных (муниципальных) нужд | B68: 911 | C68: 05 | D68: 02 | E68: 89 | F68: 1 | G68: 00 | H68: 44101 | I68: 200 | J68: =J69 -> 30.4 | K68: =K69 -> 30.4 | L68: =L69 -> 30.4
A69: Иные закупки товаров, работ и услуг для обеспечения государственных (муниципальных) нужд | B69: 911 | C69: 05 | D69: 02 | E69: 89 | F69: 1 | G69: 00 | H69: 44101 | I69: 240 | J69: 30.4 | K69: 30.4 | L69: 30.4
A70: Благоустройство | B70: 911 | C70: 05 | D70: 03 | J70: =J71 -> 38.9 | K70: =K71 -> 13.3 | L70: =L71 -> 51.6
A71: Непрограммные расходы главных распорядителей средств бюджета Большеполянского сельского поселения Кадошкинского муниципального района Республики Мордовия | B71: 911 | C71: 05 | D71: 03 | E71: 89 | J71: =J72 -> 38.9 | K71: =K72 -> 13.3 | L71: =L72 -> 51.6
A72: Непрограммные расходы в рамках обеспечения деятельности главных распорядителей средств бюджета Большеполянского сельского поселения Кадошкинского муниципального района Республики Мордовия | B72: 911 | C72: 05 | D72: 03 | E72: 89 | F72: 1 | J72: =J73+J76 -> 38.9 | K72: =K73+K76 -> 13.3 | L72: =L73+L76 -> 51.6
A73: Уличное освещение | B73: 911 | C73: 05 | D73: 03 | E73: 89 | F73: 1 | G73: 00 | H73: 43010 | J73: =J74 -> 36.9 | K73: =K74 -> 11.3 | L73: =L74 -> 21.4
A74: Закупка товаров, работ и услуг для обеспечения государственных (муниципальных) нужд | B74: 911 | C74: 05 | D74: 03 | E74: 89 | F74: 1 | G74: 00 | H74: 43010 | I74: 200 | J74: =J75 -> 36.9 | K74: =K75 -> 11.3 | L74: =L75 -> 21.4
A75: Иные закупки товаров, работ и услуг для обеспечения государственных (муниципальных) нужд | B75: 911 | C75: 05 | D75: 03 | E75: 89 | F75: 1 | G75: 00 | H75: 43010 | I75: 240 | J75: =26.1+10.8 -> 36.9 | K75: 11.3 | L75: 21.4 | M75: +10,8
A76: Прочие мероприятия по благоустройству | B76: 911 | C76: 05 | D76: 03 | E76: 89 | F76: 1 | G76: 00 | H76: 43040 | J76: =J77 -> 2 | K76: =K77 -> 2 | L76: =L77 -> 30.2
A77: Закупка товаров, работ и услуг для обеспечения государственных (муниципальных) нужд | B77: 911 | C77: 05 | D77: 03 | E77: 89 | F77: 1 | G77: 00 | H77: 43040 | I77: 200 | J77: =J78 -> 2 | K77: =K78 -> 2 | L77: =L78 -> 30.2
A78: Иные закупки товаров, работ и услуг для обеспечения государственных (муниципальных) нужд | B78: 911 | C78: 05 | D78: 03 | E78: 89 | F78: 1 | G78: 00 | H78: 43040 | I78: 240 | J78: =12.8-10.8 -> 2 | K78: 2 | L78: 30.2 | M78: -10,8
A79: Социальная политика | B79: 911 | C79: 10 | J79: =J80 -> 69.6 | K79: =K80 -> 50.2 | L79: =L80 -> 29.3
A80: Пенсионное обеспечение | B80: 911 | C80: 10 | D80: 01 | J80: =J81 -> 69.6 | K80: =K81 -> 50.2 | L80: =L81 -> 29.3
A81: Непрограммные расходы главных распорядителей средств бюджета Большеполянского сельского поселения Кадошкинского муниципального района Республики Мордовия | B81: 911 | C81: 10 | D81: 01 | E81: 89 | J81: =J82 -> 69.6 | K81: =K82 -> 50.2 | L81: =L82 -> 29.3
A82: Непрограммные расходы в рамках обеспечения деятельности главных распорядителей средств бюджета Большеполянского сельского поселения Кадошкинского муниципального района Республики Мордовия | B82: 911 | C82: 10 | D82: 01 | E82: 89 | F82: 1 | J82: =J83 -> 69.6 | K82: =K83 -> 50.2 | L82: =L83 -> 29.3
A83: Доплаты к пенсиям муниципальных служащих Республики Мордовия | B83: 911 | C83: 10 | D83: 01 | E83: 89 | F83: 1 | G83: 00 | H83: 03010 | J83: =J84 -> 69.6 | K83: =K84 -> 50.2 | L83: =L84 -> 29.3
A84: Социальное обеспечение и иные выплаты населению | B84: 911 | C84: 10 | D84: 01 | E84: 89 | F84: 1 | G84: 00 | H84: 03010 | I84: 300 | J84: =J85 -> 69.6 | K84: =K85 -> 50.2 | L84: =L85 -> 29.3
A85: Публичные нормативные социальные выплаты гражданам | B85: 911 | C85: 10 | D85: 01 | E85: 89 | F85: 1 | G85: 00 | H85: 03010 | I85: 310 | J85: 69.6 | K85: =69.6-K99 -> 50.2 | L85: =69.6-L99 -> 29.3
A86: Обслуживание государственного и муниципального долга | B86: 911 | C86: 13 | J86: =J87 -> 1.5 | K86: =K87 -> 1.5 | L86: =L87 -> 1.5
A87: Обслуживание государственного внутреннего и муниципального долга | B87: 911 | C87: 13 | D87: 01 | J87: =J88 -> 1.5 | K87: =K88 -> 1.5 | L87: =L88 -> 1.5
A88: Непрограммные расходы главных распорядителей средств бюджета Большеполянского сельского поселения Кадошкинского муниципального района Республики Мордовия | B88: 911 | C88: 13 | D88: 01 | E88: 89 | J88: =J89 -> 1.5 | K88: =K89 -> 1.5 | L88: =L89 -> 1.5
A89: Непрограммные расходы в рамках обеспечения деятельности главных распорядителей средств бюджета Большеполянского сельского поселения Кадошкинского муниципального района Республики Мордовия | B89: 911 | C89: 13 | D89: 01 | E89: 89 | F89: 1 | J89: =J90 -> 1.5 | K89: =K90 -> 1.5 | L89: =L90 -> 1.5
A90: Процентные платежи по муниципальному долгу | B90: 911 | C90: 13 | D90: 01 | E90: 89 | F90: 1 | G90: 00 | H90: 41240 | J90: =J91 -> 1.5 | K90: =K91 -> 1.5 | L90: =L91 -> 1.5
A91: Обслуживание государственного (муниципального) долга | B91: 911 | C91: 13 | D91: 01 | E91: 89 | F91: 1 | G91: 00 | H91: 41240 | I91: 700 | J91: =J92 -> 1.5 | K91: =K92 -> 1.5 | L91: =L92 -> 1.5
A92: Обслуживание муниципального долга | B92: 911 | C92: 13 | D92: 01 | E92: 89 | F92: 1 | G92: 00 | H92: 41240 | I92: 730 | J92: 1.5 | K92: 1.5 | L92: 1.5
A93: Условно утверждаемые расходы | B93: 911 | C93: 99 | K93: =K94 -> 19.4 | L93: =L94 -> 40.3
A94: Условно утверждаемые расходы | B94: 911 | C94: 99 | D94: 99 | K94: =K95 -> 19.4 | L94: =L95 -> 40.3
A95: Непрограммные расходы главных распорядителей средств бюджета Большеполянского сельского поселения Кадошкинского муниципального района Республики Мордовия | B95: 911 | C95: 99 | D95: 99 | E95: 89 | F95: 0 | K95: =K96 -> 19.4 | L95: =L96 -> 40.3
A96: Непрограммные расходы в рамках обеспечения деятельности главных распорядителей средств бюджета Большеполянского сельского поселения Кадошкинского муниципального района Республики Мордовия | B96: 911 | C96: 99 | D96: 99 | E96: 89 | F96: 1 | K96: =K97 -> 19.4 | L96: =L97 -> 40.3
A97: Условно утверждаемые расходы | B97: 911 | C97: 99 | D97: 99 | E97: 89 | F97: 1 | G97: 00 | H97: 41990 | K97: =K98 -> 19.4 | L97: =L98 -> 40.3
A98: Иные бюджетные ассигнования | B98: 911 | C98: 99 | D98: 99 | E98: 89 | F98: 1 | G98: 00 | H98: 41990 | I98: 800 | K98: =K99 -> 19.4 | L98: =L99 -> 40.3
A99: Резервные средства | B99: 911 | C99: 99 | D99: 99 | E99: 89 | F99: 1 | G99: 00 | H99: 41990 | I99: 870 | K99: 19.4 | L99: 40.3

Sheet Прил 3 
I1: Приложение 3 к решению Совета депутатов Большеполянского сельского поселения "О бюджете Большеполянского сельского поселения Кадошкинского муниципального района Республики Мордовия на 2022 год и на плановый период 2023 и 2024 годов"
A2: РАСПРЕДЕЛЕНИЕ БЮДЖЕТНЫХ АССИГНОВАНИЙ БЮДЖЕТА БОЛЬШЕПОЛЯНСКОГО СЕЛЬСКОГО ПОСЕЛЕНИЯ КАДОШКИНСКОГО МУНИЦИПАЛЬНОГО РАЙОНА РЕСПУБЛИКИ МОРДОВИЯ ПО РАЗДЕЛАМ, ПОДРАЗДЕЛАМ, ЦЕЛЕВЫМ СТАТЬЯМ (МУНИЦИПАЛЬНЫМ ПРОГРАММАМ И НЕПРОГРАММНЫМ НАПРАВЛЕНИЯМ ДЕЯТЕЛЬНОСТИ), ГРУППАМ И ПОДГРУППАМ ВИДОВ РАСХОДОВ КЛАССИФИКАЦИИ РАСХОДОВ БЮДЖЕТОВ НА 2022 ГОД И НА ПЛАНОВЫЙ ПЕРИОД 2023 И 2024 ГОДОВ
K3: (тыс. рублей)
A4: Наименование | B4: Рз | C4: Прз | D4: Цср | H4: Вр | I4: Сумма
I5: 2022 год | J5: 2023 год | K5: 2024 год
A6: 1 | B6: 2 | C6: 3 | D6: 4 | E6: 5 | F6: 6 | G6: 7 | H6: 8 | I6: 9 | J6: 10 | K6: 11
A7: ВСЕГО | I7: =I8+I46+I55+I62+I78+I85 -> 1462.8 | J7: =J8+J46+J55+J62+J78+J85+J92 -> 823.3 | K7: =K8+K46+K55+K62+K78+K85+K92 -> 841.8
A8: Общегосударственные вопросы | B8: 01 | I8: =I9+I18+I40 -> 878.9 | J8: =J9+J18+J40 -> 354.6 | K8: =K9+K18+K40 -> 315.7
A9: Функционирование высшего должностного лица субъекта Российской Федерации и муниципального образования | B9: 01 | C9: 02 | I9: =I10 -> 324.38 | J9: =J10 -> 102.7 | K9: =K10 -> 123.5
A10: Обеспечение деятельности администрации | B10: 01 | C10: 02 | D10: 65 | I10: =I11 -> 324.38 | J10: =J11 -> 102.7 | K10: =K11 -> 123.5
A11: Высшее должностное лицо | B11: 01 | C11: 02 | D11: 65 | E11: 1 | I11: =I12+I15 -> 324.38 | J11: =J12 -> 102.7 | K11: =K12 -> 123.5
A12: Расходы на выплаты по оплате труда высшего должностного лица | B12: 01 | C12: 02 | D12: 65 | E12: 1 | F12: 00 | G12: 41150 | I12: =I13 -> 224.38 | J12: =J13 -> 102.7 | K12: =K13 -> 123.5
A13: Расходы на выплаты персоналу в целях обеспечения выполнения функций государственными (муниципальными) органами, казенными учреждениями, органами управления государственными внебюджетными фондами | B13: 01 | C13: 02 | D13: 65 | E13: 1 | F13: 00 | G13: 41150 | H13: 100 | I13: =I14 -> 224.38 | J13: =J14 -> 102.7 | K13: =K14 -> 123.5
A14: Расходы на выплаты персоналу государственных (муниципальных) органов | B14: 01 | C14: 02 | D14: 65 | E14: 1 | F14: 00 | G14: 41150 | H14: 120 | I14: ='Прил 2'!J15 -> 224.38 | J14: ='Прил 2'!K15 -> 102.7 | K14: ='Прил 2'!L15 -> 123.5
A15: Субсидии на софинансирование расходных обязательств по финансовому обеспечению деятельности органов местного самоуправления и муниципальных учреждений | B15: 01 | C15: 02 | D15: 65 | E15: 1 | F15: 00 | G15: 44205 | I15: =I16 -> 100 | J15: =J16 -> 0 | K15: =K16 -> 0
A16: Расходы на выплаты персоналу в целях обеспечения выполнения функций государственными (муниципальными) органами, казенными учреждениями, органами управления государственными внебюджетными фондами | B16: 01 | C16: 02 | D16: 65 | E16: 1 | F16: 00 | G16: 44205 | H16: 100 | I16: =I17 -> 100 | J16: =J17 -> 0 | K16: =K17 -> 0
A17: Расходы на выплаты персоналу государственных (муниципальных) органов | B17: 01 | C17: 02 | D17: 65 | E17: 1 | F17: 00 | G17: 44205 | H17: 120 | I17: ='Прил 2'!J18 -> 100 | J17: ='Прил 2'!K18 -> 0 | K17: ='Прил 2'!L18 -> 0
A18: Функционирование Правительства Российской Федерации, высших органов исполнительной власти субъектов Российской Федерации, местных администраций | B18: 01 | C18: 04 | I18: =I19+I35 -> 553.52 | J18: =J19+J35 -> 250.9 | K18: =K19+K35 -> 191.2
A19: Обеспечение деятельности администрации | B19: 01 | C19: 04 | D19: 65 | I19: =I20 -> 553.42 | J19: =J20 -> 250.8 | K19: =K20 -> 191.1
A20: Непрограммные расходы в рамках обеспечения деятельности администрации | B20: 01 | C20: 04 | D20: 65 | E20: 2 | I20: =I21+I24+I30 -> 553.42 | J20: =J21+J24 -> 250.8 | K20: =K21+K24 -> 191.1
A21: Расходы на выплаты по оплате труда работников органов местного самоуправления | B21: 01 | C21: 04 | D21: 65 | E21: 2 | F21: 00 | G21: 41110 | I21: =I22 -> 294.8 | J21: =J22 -> 215.2 | K21: =K22 -> 128.1
A22: Расходы на выплаты персоналу в целях обеспечения выполнения функций государственными (муниципальными) органами, казенными учреждениями, органами управления государственными внебюджетными фондами | B22: 01 | C22: 04 | D22: 65 | E22: 2 | F22: 00 | G22: 41110 | H22: 100 | I22: =I23 -> 294.8 | J22: =J23 -> 215.2 | K22: =K23 -> 128.1
A23: Расходы на выплаты персоналу государственных (муниципальных) органов | B23: 01 | C23: 04 | D23: 65 | E23: 2 | F23: 00 | G23: 41110 | H23: 120 | I23: ='Прил 2'!J24 -> 294.8 | J23: ='Прил 2'!K24 -> 215.2 | K23: ='Прил 2'!L24 -> 128.1
A24: Расходы на обеспечение функций органов местного самоуправления | B24: 01 | C24: 04 | D24: 65 | E24: 2 | F24: 00 | G24: 41120 | I24: =I25+I27 -> 106.1 | J24: =J25+J27 -> 35.6 | K24: =K25+K27 -> 63
A25: Закупка товаров, работ и услуг для обеспечения государственных (муниципальных) нужд | B25: 01 | C25: 04 | D25: 65 | E25: 2 | F25: 00 | G25: 41120 | H25: 200 | I25: =I26 -> 75.1 | J25: =J26 -> 5.6 | K25: =K26 -> 33
A26: Иные закупки товаров, работ и услуг для обеспечения государственных (муниципальных) нужд | B26: 01 | C26: 04 | D26: 65 | E26: 2 | F26: 00 | G26: 41120 | H26: 240 | I26: ='Прил 2'!J27 -> 75.1 | J26: ='Прил 2'!K27 -> 5.6 | K26: ='Прил 2'!L27 -> 33
A27: Иные бюджетные ассигнования | B27: 01 | C27: 04 | D27: 66 | E27: 2 | F27: 00 | G27: 41120 | H27: 800 | I27: =I29+I28 -> 31 | J27: =J29 -> 30 | K27: =K29 -> 30
A28: Исполнение судебных актов | B28: 01 | C28: 04 | D28: 65 | E28: 2 | F28: 00 | G28: 41120 | H28: 830 | I28: ='Прил 2'!J29 -> 1 | J28: ='Прил 2'!K29 -> 0 | K28: ='Прил 2'!L29 -> 0
A29: Уплата налогов, сборов и иных платежей | B29: 01 | C29: 04 | D29: 66 | E29: 2 | F29: 00 | G29: 41120 | H29: 850 | I29: ='Прил 2'!J30 -> 30 | J29: ='Прил 2'!K30 -> 30 | K29: ='Прил 2'!L30 -> 30
A30: Субсидии на софинансирование расходных обязательств по финансовому обеспечению деятельности органов местного самоуправления и муниципальных учреждений | B30: 01 | C30: 04 | D30: 65 | E30: 2 | F30: 00 | G30: 44205 | I30: =I31+I33 -> 152.52 | J30: =J31+J33 -> 0 | K30: =K31+K33 -> 0
A31: Расходы на выплаты персоналу в целях обеспечения выполнения функций государственными (муниципальными) органами, казенными учреждениями, органами управления государственными внебюджетными фондами | B31: 01 | C31: 04 | D31: 65 | E31: 2 | F31: 00 | G31: 44205 | H31: 100 | I31: =I32 -> 75.52 | J31: =J32 -> 0 | K31: =K32 -> 0
A32: Расходы на выплаты персоналу государственных (муниципальных) органов | B32: 01 | C32: 04 | D32: 65 | E32: 2 | F32: 00 | G32: 44205 | H32: 120 | I32: ='Прил 2'!J33 -> 75.52 | J32: ='Прил 2'!K33 -> 0 | K32: ='Прил 2'!L33 -> 0
A33: Закупка товаров, работ и услуг для обеспечения государственных (муниципальных) нужд | B33: 01 | C33: 04 | D33: 65 | E33: 2 | F33: 00 | G33: 44205 | H33: 200 | I33: =I34 -> 77 | J33: =J34 -> 0 | K33: =K34 -> 0
A34: Иные закупки товаров, работ и услуг для обеспечения государственных (муниципальных) нужд | B34: 01 | C34: 04 | D34: 65 | E34: 2 | F34: 00 | G34: 44205 | H34: 240 | I34: ='Прил 2'!J35 -> 77 | J34: ='Прил 2'!K35 -> 0 | K34: ='Прил 2'!L35 -> 0
A35: Непрограммные расходы главных распорядителей средств бюджета Большеполянского сельского поселения Кадошкинского муниципального района Республики Мордовия | B35: 01 | C35: 04 | D35: 89 | I35: =I36 -> 0.1 | J35: =J36 -> 0.1 | K35: =K36 -> 0.1
A36: Непрограммные расходы в рамках обеспечения деятельности главных распорядителей средств бюджета Большеполянского сельского поселения Кадошкинского муниципального района Республики Мордовия | B36: 01 | C36: 04 | D36: 89 | E36: 1 | I36: =I37 -> 0.1 | J36: =J37 -> 0.1 | K36: =K37 -> 0.1
A37: Осуществление государственных полномочий Республики Мордовия по определению перечня должностных лиц, уполномоченных составлять протоколы об административных правонарушениях, предусмотренных Законом Республики Мордовия от 15 июня 2015 года № 38-З "Об административной ответственности на территории Республики Мордовия" | B37: 01 | C37: 04 | D37: 89 | E37: 1 | F37: 00 | G37: 77150 | I37: =I38 -> 0.1 | J37: =J38 -> 0.1 | K37: =K38 -> 0.1
A38: Закупка товаров, работ и услуг для обеспечения государственных (муниципальных) нужд | B38: 01 | C38: 04 | D38: 89 | E38: 1 | F38: 00 | G38: 77150 | H38: 200 | I38: =I39 -> 0.1 | J38: =J39 -> 0.1 | K38: =K39 -> 0.1
A39: Иные закупки товаров, работ и услуг для обеспечения государственных (муниципальных) нужд | B39: 01 | C39: 04 | D39: 89 | E39: 1 | F39: 00 | G39: 77150 | H39: 240 | I39: ='Прил 2'!J40 -> 0.1 | J39: ='Прил 2'!K40 -> 0.1 | K39: ='Прил 2'!L40 -> 0.1
A40: Резервные фонды | B40: 01 | C40: 11 | I40: =I41 -> 1 | J40: =J41 -> 1 | K40: =K41 -> 1
A41: Непрограммные расходы главных распорядителей средств бюджета Большеполянского сельского поселения Кадошкинского муниципального района Республики Мордовия | B41: 01 | C41: 11 | D41: 89 | I41: =I42 -> 1 | J41: =J42 -> 1 | K41: =K42 -> 1
A42: Непрограммные расходы в рамках обеспечения деятельности главных распорядителей средств бюджета Большеполянского сельского поселения Кадошкинского муниципального района Республики Мордовия | B42: 01 | C42: 11 | D42: 89 | E42: 1 | I42: =I43 -> 1 | J42: =J43 -> 1 | K42: =K43 -> 1
A43: Резервный фонд администрации Большеполянского сельского поселения Кадошкинского муниципального района Республики Мордовия | B43: 01 | C43: 11 | D43: 89 | E43: 1 | F43: 00 | G43: 41180 | I43: =I44 -> 1 | J43: =J44 -> 1 | K43: =K44 -> 1
A44: Иные бюджетные ассигнования | B44: 01 | C44: 11 | D44: 89 | E44: 1 | F44: 00 | G44: 41180 | H44: 800 | I44: =I45 -> 1 | J44: =J45 -> 1 | K44: =K45 -> 1
A45: Резервные средства | B45: 01 | C45: 11 | D45: 89 | E45: 1 | F45: 00 | G45: 41180 | H45: 870 | I45: ='Прил 2'!J46 -> 1 | J45: ='Прил 2'!K46 -> 1 | K45: ='Прил 2'!L46 -> 1
A46: Национальная оборона | B46: 02 | I46: =I47 -> 89.8 | J46: =J47 -> 92.8 | K46: =K47 -> 96
A47: Мобилизационная и вневойсковая подготовка | B47: 02 | C47: 03 | I47: =I48 -> 89.8 | J47: =J48 -> 92.8 | K47: =K48 -> 96
A48: Непрограммные расходы главных распорядителей средств бюджета Большеполянского сельского поселения Кадошкинского муниципального района Республики Мордовия | B48: 02 | C48: 03 | D48: 89 | I48: =I49 -> 89.8 | J48: =J49 -> 92.8 | K48: =K49 -> 96
A49: Непрограммные расходы в рамках обеспечения деятельности главных распорядителей средств бюджета Большеполянского сельского поселения Кадошкинского муниципального района Республики Мордовия | B49: 02 | C49: 03 | D49: 89 | E49: 1 | I49: =I50 -> 89.8 | J49: =J50 -> 92.8 | K49: =K50 -> 96
A50: Осуществление государственных полномочий Российской Федерации о первичному воинскому учету на территориях, где отсутствуют военные комиссариаты | B50: 02 | C50: 03 | D50: 89 | E50: 1 | F50: 00 | G50: 51180 | I50: =I51+I53 -> 89.8 | J50: =J51+J53 -> 92.8 | K50: =K51+K53 -> 96
A51: Расходы на выплаты персоналу в целях обеспечения выполнения функций государственными (муниципальными) органами, казенными учреждениями, органами управления государственными внебюджетными фондами | B51: 02 | C51: 03 | D51: 89 | E51: 1 | F51: 00 | G51: 51180 | H51: 100 | I51: =I52 -> 85.8 | J51: =J52 -> 88.8 | K51: =K52 -> 92
A52: Расходы на выплаты персоналу государственных (муниципальных) органов | B52: 02 | C52: 03 | D52: 89 | E52: 1 | F52: 00 | G52: 51180 | H52: 120 | I52: ='Прил 2'!J53 -> 85.8 | J52: ='Прил 2'!K53 -> 88.8 | K52: ='Прил 2'!L53 -> 92
A53: Закупка товаров, работ и услуг для обеспечения государственных (муниципальных) нужд | B53: 02 | C53: 03 | D53: 89 | E53: 1 | F53: 00 | G53: 51180 | H53: 200 | I53: =I54 -> 4 | J53: =J54 -> 4 | K53: =K54 -> 4
A54: Иные закупки товаров, работ и услуг для обеспечения государственных (муниципальных) нужд | B54: 02 | C54: 03 | D54: 89 | E54: 1 | F54: 00 | G54: 51180 | H54: 240 | I54: ='Прил 2'!J55 -> 4 | J54: ='Прил 2'!K55 -> 4 | K54: ='Прил 2'!L55 -> 4
A55: Национальная экономика | B55: 04 | I55: =I56 -> 353.7 | J55: =J56 -> 261.1 | K55: =K56 -> 277
A56: Дорожное хозяйство (дорожные фонды) | B56: 04 | C56: 09 | I56: =I57 -> 353.7 | J56: =J57 -> 261.1 | K56: =K57 -> 277
A57: Непрограммные расходы главных распорядителей средств бюджета Большеполянского сельского поселения Кадошкинского муниципального района Республики Мордовия | B57: 04 | C57: 09 | D57: 89 | I57: =I58 -> 353.7 | J57: =J59 -> 261.1 | K57: =K59 -> 277
A58: Непрограммные расходы в рамках обеспечения деятельности главных распорядителей средств бюджета Большеполянского сельского поселения Кадошкинского муниципального района Республики Мордовия | B58: 04 | C58: 09 | D58: 89 | E58: 1 | I58: =I59 -> 353.7 | J58: =J59 -> 261.1 | K58: =K59 -> 277
A59: Иные межбюджетные трансферты на осуществление полномочий по дорожной деятельности в отношении автомобильных дорог местного значения в границах населенных пунктов поселения и обеспечению безопасности дорожного движения на них, включая создание и обеспечение функционирования парковок (парковочных мест), осуществлению муниципального контроля за сохранностью автомобильных дорог местного значения в границах населенных пунктов поселения, организации дорожного движения, а также осуществлению иных полномочий в области использования автомобильных дорог и осуществления дорожной деятельности в соответствии с законодательством Российской Федерации | B59: 04 | C59: 09 | D59: 89 | E59: 1 | F59: 00 | G59: 44102 | I59: =I60 -> 353.7 | J59: =J60 -> 261.1 | K59: =K60 -> 277
A60: Закупка товаров, работ и услуг для обеспечения государственных (муниципальных) нужд | B60: 04 | C60: 09 | D60: 89 | E60: 1 | F60: 00 | G60: 44102 | H60: 200 | I60: =I61 -> 353.7 | J60: =J61 -> 261.1 | K60: =K61 -> 277
A61: Иные закупки товаров, работ и услуг для обеспечения государственных (муниципальных) нужд | B61: 04 | C61: 09 | D61: 89 | E61: 1 | F61: 00 | G61: 44102 | H61: 240 | I61: ='Прил 2'!J62 -> 353.7 | J61: ='Прил 2'!K62 -> 261.1 | K61: ='Прил 2'!L62 -> 277
A62: Жилищно-коммунальное хозяйство | B62: 05 | I62: =I63+I69 -> 69.3 | J62: =J63+J69 -> 43.7 | K62: =K63+K69 -> 82
A63: Коммунальное хозяйство | B63: 05 | C63: 02 | I63: =I64 -> 30.4 | J63: =J64 -> 30.4 | K63: =K64 -> 30.4
A64: Непрограммные расходы главных распорядителей средств бюджета Большеполянского сельского поселения Кадошкинского муниципального района Республики Мордовия | B64: 05 | C64: 02 | D64: 89 | I64: =I65 -> 30.4 | J64: =J65 -> 30.4 | K64: =K65 -> 30.4
A65: Непрограммные расходы в рамках обеспечения деятельности главных распорядителей средств бюджета Большеполянского сельского поселения Кадошкинского муниципального района Республики Мордовия | B65: 05 | C65: 02 | D65: 89 | E65: 1 | I65: =I66 -> 30.4 | J65: =J66 -> 30.4 | K65: =K66 -> 30.4
A66: Иные межбюджетные трансферты на осуществление полномочий по организации в границах поселения электро-, тепло-, газо- и водоснабжения населения, водоотведения, снабжения населения топливом в пределах полномочий, установленных законодательством Российской Федерации | B66: 05 | C66: 02 | D66: 89 | E66: 1 | F66: 00 | G66: 44101 | I66: =I67 -> 30.4 | J66: =J67 -> 30.4 | K66: =K67 -> 30.4
A67: Закупка товаров, работ и услуг для обеспечения государственных (муниципальных) нужд | B67: 05 | C67: 02 | D67: 89 | E67: 1 | F67: 00 | G67: 44101 | H67: 200 | I67: =I68 -> 30.4 | J67: =J68 -> 30.4 | K67: =K68 -> 30.4
A68: Иные закупки товаров, работ и услуг для обеспечения государственных (муниципальных) нужд | B68: 05 | C68: 02 | D68: 89 | E68: 1 | F68: 00 | G68: 44101 | H68: 240 | I68: ='Прил 2'!J69 -> 30.4 | J68: ='Прил 2'!K69 -> 30.4 | K68: ='Прил 2'!L69 -> 30.4
A69: Благоустройство | B69: 05 | C69: 03 | I69: =I70 -> 38.9 | J69: =J70 -> 13.3 | K69: =K70 -> 51.6
A70: Непрограммные расходы главных распорядителей средств бюджета Большеполянского сельского поселения Кадошкинского муниципального района Республики Мордовия | B70: 05 | C70: 03 | D70: 89 | I70: =I71 -> 38.9 | J70: =J71 -> 13.3 | K70: =K71 -> 51.6
A71: Непрограммные расходы в рамках обеспечения деятельности главных распорядителей средств бюджета Большеполянского сельского поселения Кадошкинского муниципального района Республики Мордовия | B71: 05 | C71: 03 | D71: 89 | E71: 1 | I71: =I72+I75 -> 38.9 | J71: =J72+J75 -> 13.3 | K71: =K72+K75 -> 51.6
A72: Уличное освещение | B72: 05 | C72: 03 | D72: 89 | E72: 1 | F72: 00 | G72: 43010 | I72: =I73 -> 36.9 | J72: =J73 -> 11.3 | K72: =K73 -> 21.4
A73: Закупка товаров, работ и услуг для обеспечения государственных (муниципальных) нужд | B73: 05 | C73: 03 | D73: 89 | E73: 1 | F73: 00 | G73: 43010 | H73: 200 | I73: =I74 -> 36.9 | J73: =J74 -> 11.3 | K73: =K74 -> 21.4
A74: Иные закупки товаров, работ и услуг для обеспечения государственных (муниципальных) нужд | B74: 05 | C74: 03 | D74: 89 | E74: 1 | F74: 00 | G74: 43010 | H74: 240 | I74: ='Прил 2'!J75 -> 36.9 | J74: ='Прил 2'!K75 -> 11.3 | K74: ='Прил 2'!L75 -> 21.4
A75: Прочие мероприятия по благоустройству | B75: 05 | C75: 03 | D75: 89 | E75: 1 | F75: 00 | G75: 43040 | I75: =I76 -> 2 | J75: =J76 -> 2 | K75: =K76 -> 30.2
A76: Закупка товаров, работ и услуг для обеспечения государственных (муниципальных) нужд | B76: 05 | C76: 03 | D76: 89 | E76: 1 | F76: 00 | G76: 43040 | H76: 200 | I76: =I77 -> 2 | J76: =J77 -> 2 | K76: =K77 -> 30.2
A77: Иные закупки товаров, работ и услуг для обеспечения государственных (муниципальных) нужд | B77: 05 | C77: 03 | D77: 89 | E77: 1 | F77: 00 | G77: 43040 | H77: 240 | I77: ='Прил 2'!J78 -> 2 | J77: ='Прил 2'!K78 -> 2 | K77: ='Прил 2'!L78 -> 30.2
A78: Социальная политика | B78: 10 | I78: =I79 -> 69.6 | J78: =J79 -> 50.2 | K78: =K79 -> 29.3
A79: Пенсионное обеспечение | B79: 10 | C79: 01 | I79: =I80 -> 69.6 | J79: =J80 -> 50.2 | K79: =K80 -> 29.3
A80: Непрограммные расходы главных распорядителей средств бюджета Большеполянского сельского поселения Кадошкинского муниципального района Республики Мордовия | B80: 10 | C80: 01 | D80: 89 | I80: =I81 -> 69.6 | J80: =J81 -> 50.2 | K80: =K81 -> 29.3
A81: Непрограммные расходы в рамках обеспечения деятельности главных распорядителей средств бюджета Большеполянского сельского поселения Кадошкинского муниципального района Республики Мордовия | B81: 10 | C81: 01 | D81: 89 | E81: 1 | I81: =I82 -> 69.6 | J81: =J82 -> 50.2 | K81: =K82 -> 29.3
A82: Доплаты к пенсиям муниципальных служащих Республики Мордовия | B82: 10 | C82: 01 | D82: 89 | E82: 1 | F82: 00 | G82: 03010 | I82: =I83 -> 69.6 | J82: =J83 -> 50.2 | K82: =K83 -> 29.3
A83: Социальное обеспечение и иные выплаты населению | B83: 10 | C83: 01 | D83: 89 | E83: 1 | F83: 00 | G83: 03010 | H83: 300 | I83: =I84 -> 69.6 | J83: =J84 -> 50.2 | K83: =K84 -> 29.3
A84: Публичные нормативные социальные выплаты гражданам | B84: 10 | C84: 01 | D84: 89 | E84: 1 | F84: 00 | G84: 03010 | H84: 310 | I84: ='Прил 2'!J85 -> 69.6 | J84: ='Прил 2'!K85 -> 50.2 | K84: ='Прил 2'!L85 -> 29.3
A85: Обслуживание государственного и муниципального долга | B85: 13 | I85: =I86 -> 1.5 | J85: =J86 -> 1.5 | K85: =K86 -> 1.5
A86: Обслуживание государственного внутреннего и муниципального долга | B86: 13 | C86: 01 | I86: =I87 -> 1.5 | J86: =J87 -> 1.5 | K86: =K87 -> 1.5
A87: Непрограммные расходы главных распорядителей средств бюджета Большеполянского сельского поселения Кадошкинского муниципального района Республики Мордовия | B87: 13 | C87: 01 | D87: 89 | E87: 0 | I87: =I88 -> 1.5 | J87: =J88 -> 1.5 | K87: =K88 -> 1.5
A88: Непрограммные расходы в рамках обеспечения деятельности главных распорядителей средств бюджета Большеполянского сельского поселения Кадошкинского муниципального района Республики Мордовия | B88: 13 | C88: 01 | D88: 89 | E88: 1 | I88: =I89 -> 1.5 | J88: =J89 -> 1.5 | K88: =K89 -> 1.5
A89: Процентные платежи по муниципальному долгу | B89: 13 | C89: 01 | D89: 89 | E89: 1 | F89: 00 | G89: 41240 | I89: =I90 -> 1.5 | J89: =J90 -> 1.5 | K89: =K90 -> 1.5
A90: Обслуживание государственного (муниципального) долга | B90: 13 | C90: 01 | D90: 89 | E90: 1 | F90: 00 | G90: 41240 | H90: 700 | I90: =I91 -> 1.5 | J90: =J91 -> 1.5 | K90: =K91 -> 1.5
A91: Обслуживание муниципального долга | B91: 13 | C91: 01 | D91: 89 | E91: 1 | F91: 00 | G91: 41240 | H91: 730 | I91: ='Прил 2'!J92 -> 1.5 | J91: ='Прил 2'!K92 -> 1.5 | K91: ='Прил 2'!L92 -> 1.5
A92: Условно утверждаемые расходы | B92: 99 | J92: =J93 -> 19.4 | K92: =K93 -> 40.3
A93: Условно утверждаемые расходы | B93: 99 | C93: 99 | J93: =J94 -> 19.4 | K93: =K94 -> 40.3
A94: Непрограммные расходы главных распорядителей средств бюджета Большеполянского сельского поселения Кадошкинского муниципального района Республики Мордовия | B94: 99 | C94: 99 | D94: 89 | E94: 0 | J94: =J95 -> 19.4 | K94: =K95 -> 40.3
A95: Непрограммные расходы в рамках обеспечения деятельности главных распорядителей средств бюджета Большеполянского сельского поселения Кадошкинского муниципального района Республики Мордовия | B95: 99 | C95: 99 | D95: 89 | E95: 1 | J95: =J96 -> 19.4 | K95: =K96 -> 40.3
A96: Условно утверждаемые расходы | B96: 99 | C96: 99 | D96: 89 | E96: 1 | F96: 00 | G96: 41990 | J96: =J97 -> 19.4 | K96: =K97 -> 40.3
A97: Иные бюджетные ассигнования | B97: 99 | C97: 99 | D97: 89 | E97: 1 | F97: 00 | G97: 41990 | H97: 800 | J97: =J98 -> 19.4 | K97: =K98 -> 40.3
A98: Резервные средства | B98: 99 | C98: 99 | D98: 89 | E98: 1 | F98: 00 | G98: 41990 | H98: 870 | J98: ='Прил 2'!K99 -> 19.4 | K98: ='Прил 2'!L99 -> 40.3

Sheet Прил 4
J1: Приложение 4 к решению Совета депутатов Большеполянского сельского поселения "О бюджете Большеполянского сельского поселения Кадошкинского муниципального района Республики Мордовия на 2022 год и на плановый период 2023 и 2024 годов"
A2: РАСПРЕДЕЛЕНИЕ БЮДЖЕТНЫХ АССИГНОВАНИЙ БЮДЖЕТА БОЛЬШЕПОЛЯНСКОГО СЕЛЬСКОГО ПОСЕЛЕНИЯ КАДОШКИНСКОГО МУНИЦИПАЛЬНОГО РАЙОНА РЕСПУБЛИКИ МОРДОВИЯ ПО ЦЕЛЕВЫМ СТАТЬЯМ (МУНИЦИПАЛЬНЫМ ПРОГРАММАМ И НЕПРОГРАММНЫМ НАПРАВЛЕНИЯМ ДЕЯТЕЛЬНОСТИ), ГРУППАМ И ПОДГРУППАМ ВИДОВ РАСХОДОВ, РАЗДЕЛАМ И ПОДРАЗДЕЛАМ КЛАССИФИКАЦИИ РАСХОДОВ БЮДЖЕТОВ НА 2022 ГОД НА ПЛАНОВЫЙ ПЕРИОД 2023 И 2024 ГОДОВ
L3: (тыс. рублей)
A4: Наименование | B4: Цср | F4: ВР | G4: Рз | H4: Прз | I4: Адм | J4: Сумма
J5: 2022 год | K5: 2023 год | L5: 2024 год
A6: 1 | B6: 2 | C6: 3 | D6: 4 | E6: 5 | F6: 6 | G6: 7 | H6: 8 | I6: 9 | J6: 10 | K6: 11 | L6: 12
A7: ВСЕГО | J7: =J8+J55 -> 1462.8 | K7: =K8+K55 -> 823.3 | L7: =L8+L55 -> 841.8
A8: Обеспечение деятельности администрации | B8: 65 | J8: =J9+J22 -> 877.8 | K8: =K9+K22 -> 353.5 | L8: =L9+L22 -> 314.6
A9: Высшее должностное лицо | B9: 65 | C9: 1 | J9: =J10+J16 -> 324.38 | K9: =K10 -> 102.7 | L9: =L10 -> 123.5
A10: Расходы на выплаты по оплате труда высшего должностного лица муниципального образования | B10: 65 | C10: 1 | D10: 00 | E10: 41150 | J10: =J13 -> 224.38 | K10: =K13 -> 102.7 | L10: =L13 -> 123.5
A11: Расходы на выплаты персоналу в целях обеспечения выполнения функций государственными (муниципальными) органами, казенными учреждениями, органами управления государственными внебюджетными фондами | B11: 65 | C11: 1 | D11: 00 | E11: 41150 | F11: 100 | J11: =J12 -> 224.38 | K11: =K12 -> 102.7 | L11: =L12 -> 123.5
A12: Расходы на выплаты персоналу государственных (муниципальных) органов | B12: 65 | C12: 1 | D12: 00 | E12: 41150 | F12: 120 | J12: =J13 -> 224.38 | K12: =K13 -> 102.7 | L12: =L13 -> 123.5
A13: Общегосударственные вопросы | B13: 65 | C13: 1 | D13: 00 | E13: 41150 | F13: 120 | G13: 01 | J13: =J14 -> 224.38 | K13: =K14 -> 102.7 | L13: =L14 -> 123.5
A14: Функционирование высшего должностного лица субъекта Российской Федерации и муниципального образования | B14: 65 | C14: 1 | D14: 00 | E14: 41150 | F14: 120 | G14: 01 | H14: 02 | J14: =J15 -> 224.38 | K14: =K15 -> 102.7 | L14: =L15 -> 123.5
A15: Администрация Большеполянского сельского поселения Кадошкинского муниципального района Республики Мордовия | B15: 65 | C15: 1 | D15: 00 | E15: 41150 | F15: 120 | G15: 01 | H15: 02 | I15: 911 | J15: ='Прил 2'!J15 -> 224.38 | K15: ='Прил 2'!K15 -> 102.7 | L15: ='Прил 2'!L15 -> 123.5
A16: Субсидии на софинансирование расходных обязательств по финансовому обеспечению деятельности органов местного самоуправления и муниципальных учреждений | B16: 65 | C16: 1 | D16: 00 | E16: 44205 | J16: =J17 -> 100 | K16: =K17 -> 0 | L16: =L17 -> 0
A17: Расходы на выплаты персоналу в целях обеспечения выполнения функций государственными (муниципальными) органами, казенными учреждениями, органами управления государственными внебюджетными фондами | B17: 65 | C17: 1 | D17: 00 | E17: 44205 | F17: 100 | J17: =J18 -> 100 | K17: =K18 -> 0 | L17: =L18 -> 0
A18: Расходы на выплаты персоналу государственных (муниципальных) органов | B18: 65 | C18: 1 | D18: 00 | E18: 44205 | F18: 120 | J18: =J19 -> 100 | K18: =K19 -> 0 | L18: =L19 -> 0
A19: Общегосударственные вопросы | B19: 65 | C19: 1 | D19: 00 | E19: 44205 | F19: 120 | G19: 01 | J19: =J20 -> 100 | K19: =K20 -> 0 | L19: =L20 -> 0
A20: Функционирование высшего должностного лица субъекта Российской Федерации и муниципального образования | B20: 65 | C20: 1 | D20: 00 | E20: 44205 | F20: 120 | G20: 01 | H20: 02 | J20: =J21 -> 100 | K20: =K21 -> 0 | L20: =L21 -> 0
A21: Администрация Большеполянского сельского поселения Кадошкинского муниципального района Республики Мордовия | B21: 65 | C21: 1 | D21: 00 | E21: 44205 | F21: 120 | G21: 01 | H21: 02 | I21: 911 | J21: ='Прил 2'!J18 -> 100 | K21: ='Прил 2'!K18 -> 0 | L21: ='Прил 2'!L18 -> 0
A22: Непрограммные расходы в рамках обеспечения деятельности администрации | B22: 65 | C22: 2 | J22: =J23+J29+J44 -> 553.42 | K22: =K23+K29 -> 250.8 | L22: =L23+L29 -> 191.1
A23: Расходы на выплаты по оплате труда работников органов местного самоуправления | B23: 65 | C23: 2 | D23: 00 | E23: 41110 | J23: =J24 -> 294.8 | K23: =K26 -> 215.2 | L23: =L26 -> 128.1
A24: Расходы на выплаты персоналу в целях обеспечения выполнения функций государственными (муниципальными) органами, казенными учреждениями, органами управления государственными внебюджетными фондами | B24: 65 | C24: 2 | D24: 00 | E24: 41110 | F24: 100 | J24: =J25 -> 294.8 | K24: =K25 -> 215.2 | L24: =L25 -> 128.1
A25: Расходы на выплаты персоналу государственных (муниципальных) органов | B25: 65 | C25: 2 | D25: 00 | E25: 41110 | F25: 120 | J25: =J26 -> 294.8 | K25: =K26 -> 215.2 | L25: =L26 -> 128.1
A26: Общегосударственные вопросы | B26: 65 | C26: 2 | D26: 00 | E26: 41110 | F26: 120 | G26: 01 | J26: =J27 -> 294.8 | K26: =K27 -> 215.2 | L26: =L27 -> 128.1
A27: Функционирование Правительства Российской Федерации, высших органов исполнительной власти субъектов Российской Федерации, местных администраций | B27: 65 | C27: 2 | D27: 00 | E27: 41110 | F27: 120 | G27: 01 | H27: 04 | J27: =J28 -> 294.8 | K27: =K28 -> 215.2 | L27: =L28 -> 128.1
A28: Администрация Большеполянского сельского поселения Кадошкинского муниципального района Республики Мордовия | B28: 65 | C28: 2 | D28: 00 | E28: 41110 | F28: 120 | G28: 01 | H28: 04 | I28: 911 | J28: ='Прил 2'!J24 -> 294.8 | K28: ='Прил 2'!K24 -> 215.2 | L28: ='Прил 2'!L24 -> 128.1
A29: Расходы на обеспечение функций органов местного самоуправленя | B29: 65 | C29: 2 | D29: 00 | E29: 41120 | J29: =J32+J35 -> 106.1 | K29: =K32+K35 -> 35.6 | L29: =L32+L35 -> 63
A30: Закупка товаров, работ и услуг для обеспечения государственных (муниципальных) нужд | B30: 65 | C30: 2 | D30: 00 | E30: 41120 | F30: 200 | J30: =J31 -> 75.1 | K30: =K31 -> 5.6 | L30: =L31 -> 33
A31: Иные закупки товаров, работ и услуг для обеспечения государственных (муниципальных) нужд | B31: 65 | C31: 2 | D31: 00 | E31: 41120 | F31: 240 | J31: =J32 -> 75.1 | K31: =K32 -> 5.6 | L31: =L32 -> 33
A32: Общегосударственные вопросы | B32: 65 | C32: 2 | D32: 00 | E32: 41120 | F32: 240 | G32: 01 | J32: =J33 -> 75.1 | K32: =K33 -> 5.6 | L32: =L33 -> 33
A33: Функционирование Правительства Российской Федерации, высших органов исполнительной власти субъектов Российской Федерации, местных администраций | B33: 65 | C33: 2 | D33: 00 | E33: 41120 | F33: 240 | G33: 01 | H33: 04 | J33: =J34 -> 75.1 | K33: =K34 -> 5.6 | L33: =L34 -> 33
A34: Администрация Большеполянского сельского поселения Кадошкинского муниципального района Республики Мордовия | B34: 65 | C34: 2 | D34: 00 | E34: 41120 | F34: 240 | G34: 01 | H34: 04 | I34: 911 | J34: ='Прил 2'!J26 -> 75.1 | K34: ='Прил 2'!K26 -> 5.6 | L34: ='Прил 2'!L26 -> 33
A35: Закупка товаров, работ и услуг для обеспечения государственных (муниципальных) нужд | B35: 65 | C35: 2 | D35: 00 | E35: 41120 | F35: 800 | J35: =J40+J36 -> 31 | K35: =K40 -> 30 | L35: =L40 -> 30
A36: Исполнение судебных актов | B36: 65 | C36: 2 | D36: 00 | E36: 41120 | F36: 830 | J36: =J37 -> 1 | K36: =K37 -> 0 | L36: =L37 -> 0
A37: Общегосударственные вопросы | B37: 65 | C37: 2 | D37: 00 | E37: 41120 | F37: 830 | G37: 01 | J37: =J38 -> 1 | K37: =K38 -> 0 | L37: =L38 -> 0
A38: Функционирование Правительства Российской Федерации, высших органов исполнительной власти субъектов Российской Федерации, местных администраций | B38: 65 | C38: 2 | D38: 00 | E38: 41120 | F38: 830 | G38: 01 | H38: 04 | J38: =J39 -> 1 | K38: =K39 -> 0 | L38: =L39 -> 0
A39: Администрация Большеполянского сельского поселения Кадошкинского муниципального района Республики Мордовия | B39: 65 | C39: 2 | D39: 00 | E39: 41120 | F39: 830 | G39: 01 | H39: 04 | I39: 911 | J39: ='Прил 2'!J29 -> 1 | K39: ='Прил 2'!K29 -> 0 | L39: ='Прил 2'!L29 -> 0
A40: Иные закупки товаров, работ и услуг для обеспечения государственных (муниципальных) нужд | B40: 65 | C40: 2 | D40: 00 | E40: 41120 | F40: 850 | J40: =J41 -> 30 | K40: =K41 -> 30 | L40: =L41 -> 30
A41: Общегосударственные вопросы | B41: 65 | C41: 2 | D41: 00 | E41: 41120 | F41: 850 | G41: 01 | J41: =J42 -> 30 | K41: =K42 -> 30 | L41: =L42 -> 30
A42: Функционирование Правительства Российской Федерации, высших органов исполнительной власти субъектов Российской Федерации, местных администраций | B42: 65 | C42: 2 | D42: 00 | E42: 41120 | F42: 850 | G42: 01 | H42: 04 | J42: =J43 -> 30 | K42: =K43 -> 30 | L42: =L43 -> 30
A43: Администрация Большеполянского сельского поселения Кадошкинского муниципального района Республики Мордовия | B43: 65 | C43: 2 | D43: 00 | E43: 41120 | F43: 850 | G43: 01 | H43: 04 | I43: 911 | J43: ='Прил 2'!J30 -> 30 | K43: ='Прил 2'!K28 -> 30 | L43: ='Прил 2'!L28 -> 30
A44: Субсидии на софинансирование расходных обязательств по финансовому обеспечению деятельности органов местного самоуправления и муниципальных учреждений | B44: 65 | C44: 2 | D44: 00 | E44: 44205 | J44: =J45+J50 -> 152.52 | K44: =K45+K50 -> 0 | L44: =L45+L50 -> 0
A45: Расходы на выплаты персоналу в целях обеспечения выполнения функций государственными (муниципальными) органами, казенными учреждениями, органами управления государственными внебюджетными фондами | B45: 65 | C45: 2 | D45: 00 | E45: 44205 | F45: 100 | J45: =J46 -> 75.52 | K45: =K46 -> 0 | L45: =L46 -> 0
A46: Расходы на выплаты персоналу государственных (муниципальных) органов | B46: 65 | C46: 2 | D46: 00 | E46: 44205 | F46: 120 | J46: =J47 -> 75.52 | K46: =K47 -> 0 | L46: =L47 -> 0
A47: Общегосударственные вопросы | B47: 65 | C47: 2 | D47: 00 | E47: 44205 | F47: 120 | G47: 01 | J47: =J48 -> 75.52 | K47: =K48 -> 0 | L47: =L48 -> 0
A48: Функционирование Правительства Российской Федерации, высших органов исполнительной власти субъектов Российской Федерации, местных администраций | B48: 65 | C48: 2 | D48: 00 | E48: 44205 | F48: 120 | G48: 01 | H48: 04 | J48: =J49 -> 75.52 | K48: =K49 -> 0 | L48: =L49 -> 0
A49: Администрация Большеполянского сельского поселения Кадошкинского муниципального района Республики Мордовия | B49: 65 | C49: 2 | D49: 00 | E49: 44205 | F49: 120 | G49: 01 | H49: 04 | I49: 911 | J49: ='Прил 2'!J33 -> 75.52 | K49: ='Прил 2'!K33 -> 0 | L49: ='Прил 2'!L33 -> 0
A50: Иные закупки товаров, работ и услуг для обеспечения государственных (муниципальных) нужд | B50: 65 | C50: 2 | D50: 00 | E50: 44205 | F50: 200 | J50: =J51 -> 77 | K50: =K51 -> 0 | L50: =L51 -> 0
A51: Прочая закупка товаров, работ и услуг | B51: 65 | C51: 2 | D51: 00 | E51: 44205 | F51: 240 | J51: =J52 -> 77 | K51: =K52 -> 0 | L51: =L52 -> 0
A52: Общегосударственные вопросы | B52: 65 | C52: 2 | D52: 00 | E52: 44205 | F52: 240 | G52: 01 | J52: =J53 -> 77 | K52: =K53 -> 0 | L52: =L53 -> 0
A53: Функционирование Правительства Российской Федерации, высших органов исполнительной власти субъектов Российской Федерации, местных администраций | B53: 65 | C53: 2 | D53: 00 | E53: 44205 | F53: 240 | G53: 01 | H53: 04 | J53: =J54 -> 77 | K53: =K54 -> 0 | L53: =L54 -> 0
A54: Администрация Большеполянского сельского поселения Кадошкинского муниципального района Республики Мордовия | B54: 65 | C54: 2 | D54: 00 | E54: 44205 | F54: 240 | G54: 01 | H54: 04 | I54: 911 | J54: ='Прил 2'!J35 -> 77 | K54: ='Прил 2'!K35 -> 0 | L54: ='Прил 2'!L35 -> 0
A55: Непрограммные расходы главных распорядителей средств бюджета Большеполянского сельского поселения Кадошкинского муниципального района Республики Мордовия | B55: 89 | J55: =J56 -> 585 | K55: =K56 -> 469.8 | L55: =L56 -> 527.2
A56: Непрограммные расходы в рамках обеспечения деятельности главных распорядителей средств бюджета Большеполянского сельского поселения Кадошкинского муниципального района Республики Мордовия | B56: 89 | C56: 1 | J56: =J62+J68+J74+J98+J104+J110+J121+J86+J92+J115 -> 585 | K56: =K62+K68+K74+K98+K104+K110+K121+K86+K92+K115+K75 -> 469.8 | L56: =L62+L68+L74+L98+L104+L110+L121+L86+L92+L115+L75 -> 527.2
A57: Доплаты к пенсиям муниципальных служащих | B57: 89 | C57: 1 | D57: 00 | E57: 03010 | J57: =J60 -> 69.6 | K57: =K60 -> 50.2 | L57: =L60 -> 29.3
A58: Социальное обеспечение и иные выплаты населению | B58: 89 | C58: 1 | D58: 00 | E58: 03010 | F58: 300 | J58: =J59 -> 69.6 | K58: =K59 -> 50.2 | L58: =L59 -> 29.3
A59: Публичные нормативные социальные выплаты гражданам | B59: 89 | C59: 1 | D59: 00 | E59: 03010 | F59: 310 | J59: =J60 -> 69.6 | K59: =K60 -> 50.2 | L59: =L60 -> 29.3
A60: Социальная политика | B60: 89 | C60: 1 | D60: 00 | E60: 03010 | F60: 310 | G60: 10 | J60: =J61 -> 69.6 | K60: =K61 -> 50.2 | L60: =L61 -> 29.3
A61: Пенсионное обеспечение | B61: 89 | C61: 1 | D61: 00 | E61: 03010 | F61: 310 | G61: 10 | H61: 01 | J61: =J62 -> 69.6 | K61: =K62 -> 50.2 | L61: =L62 -> 29.3
A62: Администрация Большеполянского сельского поселения Кадошкинского муниципального района Республики Мордовия | B62: 89 | C62: 1 | D62: 00 | E62: 03010 | F62: 310 | G62: 10 | H62: 01 | I62: 911 | J62: ='Прил 2'!J85 -> 69.6 | K62: ='Прил 2'!K85 -> 50.2 | L62: ='Прил 2'!L85 -> 29.3
A63: Резервный фонд администрации Большеполянского сельского поселения Кадошкинского муниципального района Республики Мордовия | B63: 89 | C63: 1 | D63: 00 | E63: 41180 | J63: =J66 -> 1 | K63: =K66 -> 1 | L63: =L66 -> 1
A64: Иные бюджетные ассигнования | B64: 89 | C64: 1 | D64: 00 | E64: 41180 | F64: 800 | J64: =J65 -> 1 | K64: =K65 -> 1 | L64: =L65 -> 1
A65: Резервные средства | B65: 89 | C65: 1 | D65: 00 | E65: 41180 | F65: 870 | J65: =J66 -> 1 | K65: =K66 -> 1 | L65: =L66 -> 1
A66: Общегосударственные вопросы | B66: 89 | C66: 1 | D66: 00 | E66: 41180 | F66: 870 | G66: 01 | J66: =J67 -> 1 | K66: =K67 -> 1 | L66: =L67 -> 1
A67: Резервные фонды | B67: 89 | C67: 1 | D67: 00 | E67: 41180 | F67: 870 | G67: 01 | H67: 11 | J67: =J68 -> 1 | K67: =K68 -> 1 | L67: =L68 -> 1
A68: Администрация Большеполянского сельского поселения Кадошкинского муниципального района Республики Мордовия | B68: 89 | C68: 1 | D68: 00 | E68: 41180 | F68: 870 | G68: 01 | H68: 11 | I68: 911 | J68: ='Прил 2'!J46 -> 1 | K68: ='Прил 2'!K46 -> 1 | L68: ='Прил 2'!L46 -> 1
A69: Процентные платежи по муниципальному долгу | B69: 89 | C69: 1 | D69: 00 | E69: 41240 | J69: =J72 -> 1.5 | K69: =K72 -> 1.5 | L69: =L72 -> 1.5
A70: Обслуживание государственного (муниципального) долга | B70: 89 | C70: 1 | D70: 00 | E70: 41240 | F70: 700 | J70: =J71 -> 1.5 | K70: =K71 -> 1.5 | L70: =L71 -> 1.5
A71: Обслуживание муниципального долга | B71: 89 | C71: 1 | D71: 00 | E71: 41240 | F71: 730 | J71: =J72 -> 1.5 | K71: =K72 -> 1.5 | L71: =L72 -> 1.5
A72: Обслуживание государственного и муниципального долга | B72: 89 | C72: 1 | D72: 00 | E72: 41240 | F72: 730 | G72: 13 | J72: =J73 -> 1.5 | K72: =K73 -> 1.5 | L72: =L73 -> 1.5
A73: Обслуживание государственного внутреннего и муниципального долга | B73: 89 | C73: 1 | D73: 00 | E73: 41240 | F73: 730 | G73: 13 | H73: 01 | J73: =J74 -> 1.5 | K73: =K74 -> 1.5 | L73: =L74 -> 1.5
A74: Администрация Большеполянского сельского поселения Кадошкинского муниципального района Республики Мордовия | B74: 89 | C74: 1 | D74: 00 | E74: 41240 | F74: 730 | G74: 13 | H74: 01 | I74: 911 | J74: ='Прил 2'!J92 -> 1.5 | K74: ='Прил 2'!K92 -> 1.5 | L74: ='Прил 2'!L92 -> 1.5
A75: Условно утверждаемые расходы | B75: 89 | C75: 1 | D75: 00 | E75: 41990 | K75: =K76 -> 19.4 | L75: =L76 -> 40.3
A76: Иные бюджетные ассигнования | B76: 89 | C76: 1 | D76: 00 | E76: 41990 | F76: 800 | K76: =K77 -> 19.4 | L76: =L77 -> 40.3
A77: Резервные средства | B77: 89 | C77: 1 | D77: 00 | E77: 41990 | F77: 870 | K77: =K78 -> 19.4 | L77: =L78 -> 40.3
A78: Условно утверждаемые расходы | B78: 89 | C78: 1 | D78: 00 | E78: 41990 | F78: 870 | G78: 99 | K78: =K79 -> 19.4 | L78: =L79 -> 40.3
A79: Условно утверждаемые расходы | B79: 89 | C79: 1 | D79: 00 | E79: 41990 | F79: 870 | G79: 99 | H79: 99 | K79: =K80 -> 19.4 | L79: =L80 -> 40.3
A80: Администрация Большеполянского сельского поселения Кадошкинского муниципального района Республики Мордовия | B80: 89 | C80: 1 | D80: 00 | E80: 41990 | F80: 870 | G80: 99 | H80: 99 | I80: 910 | K80: ='Прил 2'!K99 -> 19.4 | L80: ='Прил 2'!L99 -> 40.3
A81: Уличное освещение | B81: 89 | C81: 1 | D81: 00 | E81: 43010 | J81: =J84 -> 36.9 | K81: =K84 -> 11.3 | L81: =L84 -> 21.4
A82: Иные закупки товаров, работ и услуг для обеспечения государственных (муниципальных) нужд | B82: 89 | C82: 1 | D82: 00 | E82: 43010 | F82: 200 | J82: =J83 -> 36.9 | K82: =K83 -> 11.3 | L82: =L83 -> 21.4
A83: Прочая закупка товаров, работ и услуг | B83: 89 | C83: 1 | D83: 00 | E83: 43010 | F83: 240 | J83: =J84 -> 36.9 | K83: =K84 -> 11.3 | L83: =L84 -> 21.4
A84: Коммунальное хозяйство | B84: 89 | C84: 1 | D84: 00 | E84: 43010 | F84: 240 | G84: 05 | J84: =J85 -> 36.9 | K84: =K85 -> 11.3 | L84: =L85 -> 21.4
A85: Благоустройство | B85: 89 | C85: 1 | D85: 00 | E85: 43010 | F85: 240 | G85: 05 | H85: 03 | J85: =J86 -> 36.9 | K85: =K86 -> 11.3 | L85: =L86 -> 21.4
A86: Администрация Большеполянского сельского поселения Кадошкинского муниципального района Республики Мордовия | B86: 89 | C86: 1 | D86: 00 | E86: 43010 | F86: 240 | G86: 05 | H86: 03 | I86: 911 | J86: ='Прил 2'!J75 -> 36.9 | K86: ='Прил 2'!K75 -> 11.3 | L86: ='Прил 2'!L75 -> 21.4
A87: Прочие мероприятия по благоустройству | B87: 89 | C87: 1 | D87: 00 | E87: 43040 | J87: =J90 -> 2 | K87: =K90 -> 2 | L87: =L90 -> 30.2
A88: Иные закупки товаров, работ и услуг для обеспечения государственных (муниципальных) нужд | B88: 89 | C88: 1 | D88: 00 | E88: 43040 | F88: 200 | J88: =J89 -> 2 | K88: =K89 -> 2 | L88: =L89 -> 30.2
A89: Прочая закупка товаров, работ и услуг | B89: 89 | C89: 1 | D89: 00 | E89: 43040 | F89: 240 | J89: =J90 -> 2 | K89: =K90 -> 2 | L89: =L90 -> 30.2
A90: Коммунальное хозяйство | B90: 89 | C90: 1 | D90: 00 | E90: 43040 | F90: 240 | G90: 05 | J90: =J91 -> 2 | K90: =K91 -> 2 | L90: =L91 -> 30.2
A91: Благоустройство | B91: 89 | C91: 1 | D91: 00 | E91: 43040 | F91: 240 | G91: 05 | H91: 03 | J91: =J92 -> 2 | K91: =K92 -> 2 | L91: =L92 -> 30.2
A92: Администрация Большеполянского сельского поселения Кадошкинского муниципального района Республики Мордовия | B92: 89 | C92: 1 | D92: 00 | E92: 43040 | F92: 240 | G92: 05 | H92: 03 | I92: 911 | J92: ='Прил 2'!J78 -> 2 | K92: ='Прил 2'!K78 -> 2 | L92: ='Прил 2'!L78 -> 30.2
A93: Иные межбюджетные трансферты на осуществление полномочий по организации в границах поселения электро-, тепло-, газо- и водоснабжения населения, водоотведения, снабжения населения топливом в пределах полномочий, установленных законодательством Российской Федерации | B93: 89 | C93: 1 | D93: 00 | E93: 44101 | J93: =J96 -> 30.4 | K93: =K96 -> 30.4 | L93: =L96 -> 30.4
A94: Иные закупки товаров, работ и услуг для обеспечения государственных (муниципальных) нужд | B94: 89 | C94: 1 | D94: 00 | E94: 44101 | F94: 200 | J94: =J95 -> 30.4 | K94: =K95 -> 30.4 | L94: =L95 -> 30.4
A95: Прочая закупка товаров, работ и услуг | B95: 89 | C95: 1 | D95: 00 | E95: 44101 | F95: 240 | J95: =J96 -> 30.4 | K95: =K96 -> 30.4 | L95: =L96 -> 30.4
A96: Жилищно-коммунальное хозяйство | B96: 89 | C96: 1 | D96: 00 | E96: 44101 | F96: 240 | G96: 05 | J96: =J97 -> 30.4 | K96: =K97 -> 30.4 | L96: =L97 -> 30.4
A97: Коммунальное хозяйство | B97: 89 | C97: 1 | D97: 00 | E97: 44101 | F97: 240 | G97: 05 | H97: 02 | J97: =J98 -> 30.4 | K97: =K98 -> 30.4 | L97: =L98 -> 30.4
A98: Администрация Большеполянского сельского поселения Кадошкинского муниципального района Республики Мордовия | B98: 89 | C98: 1 | D98: 00 | E98: 44101 | F98: 240 | G98: 05 | H98: 02 | I98: 911 | J98: ='Прил 2'!J69 -> 30.4 | K98: ='Прил 2'!K69 -> 30.4 | L98: ='Прил 2'!L69 -> 30.4
A99: Иные межбюджетные трансферты на осуществление полномочий по дорожной деятельности в отношении автомобильных дорог местного значения в границах населенных пунктов поселения и обеспечению безопасности дорожного движения на них, включая создание и обеспечение функционирования парковок (парковочных мест), осуществлению муниципального контроля за сохранностью автомобильных дорог местного значения в границах населенных пунктов поселения, организации дорожного движения, а также осуществлению иных полномочий в области использования автомобильных дорог и осуществления дорожной деятельности в соответствии с законодательством Российской Федерации | B99: 89 | C99: 1 | D99: 00 | E99: 44102 | J99: =J102 -> 353.7 | K99: =K102 -> 261.1 | L99: =L102 -> 277
A100: Иные закупки товаров, работ и услуг для обеспечения государственных (муниципальных) нужд | B100: 89 | C100: 1 | D100: 00 | E100: 44102 | F100: 200 | J100: =J101 -> 353.7 | K100: =K101 -> 261.1 | L100: =L101 -> 277
...

Sheet Прил 5
C1: Приложение 5 к решению Совета депутатов Большеполянского сельского поселения "О бюджете Большеполянского сельского поселения Кадошкинского муниципального района Республики Мордовия на 2022 год и на плановый период 2023 и 2024 годов"
A2: ИСТОЧНИКИ ВНУТРЕННЕГО ФИНАНСИРОВАНИЯ ДЕФИЦИТА БЮДЖЕТА БОЛЬШЕПОЛЯНСКОГО СЕЛЬСКОГО ПОСЕЛЕНИЯ КАДОШКИНСКОГО МУНИЦИПАЛЬНОГО РАЙОНА РЕСПУБЛИКИ МОРДОВИЯ НА 2022 ГОД И НА ПЛАНОВЫЙ ПЕРИОД 2023 И 2024 ГОДОВ
E3: (тыс.руб.)
A4: Код | B4: Наименование кода группы, подгруппы, статьи, вида источника финансирования дефицитов бюджетов, кода классификации операций сектора государственного управления, относящихся к источникам финансирования дефицитов бюджетов Российской Федерации | C4: Сумма (тыс. руб.)
C5: 2022 год | D5: 2023 год | E5: 2024 год
A6: 000 01 00 00 00 00 0000 000 | B6: ИСТОЧНИКИ ВНУТРЕННЕГО ФИНАНСИРОВАНИЯ ДЕФИЦИТОВ БЮДЖЕТОВ | C6: =C7+C10+C14 -> -30.1 | D6: =D7+D10+D14 -> -45.1 | E6: =E7+E10+E14 -> -60.1
A7: 000 01 02 00 00 00 0000 000 | B7: Кредиты кредитных организаций в валюте Российской Федерации | C7: =SUM(C8) -> 0 | D7: =SUM(D8) -> 0 | E7: =SUM(E8) -> 0
A8: 000 01 02 00 00 00 0000 700 | B8: Получение кредитов от кредитных организаций в валюте Российской Федерации | C8: =SUM(C9) -> 0 | D8: =SUM(D9) -> 0 | E8: =SUM(E9) -> 0
A9: 000 01 02 00 00 10 0000 710 | B9: Получение кредитов от кредитных организаций бюджетами поселений в валюте Российской Федерации | C9: 0 | D9: 0 | E9: 0
A10: 000 01 03 00 00 00 0000 000 | B10: Бюджетные кредиты от других бюджетов бюджетной системы Российской Федерации | C10: =C11 -> -30.1 | D10: =D11 -> -45.1 | E10: =E11 -> -60.1
A11: 000 01 03 01 00 00 0000 000 | B11: Бюджетные кредиты от других бюджетов бюджетной системы Российской Федерации в валюте Российской Федерации | C11: =C12 -> -30.1 | D11: =D12 -> -45.1 | E11: =E12 -> -60.1
A12: 000 01 03 01 00 10 0000 800 | B12: Погашение бюджетных кредитов, полученных от других бюджетов бюджетной системы Российской Федерации в валюте Российской Федерации | C12: =SUM(C13) -> -30.1 | D12: =SUM(D13) -> -45.1 | E12: =SUM(E13) -> -60.1
A13: 000 01 03 01 00 10 0000 810 | B13: Погашение бюджетами сельских поселений кредитов от других бюджетов бюджетной системы Российской Федерации в валюте Российской Федерации | C13: -30.1 | D13: -45.1 | E13: -60.1
A14: 000 01 05 00 00 00 0000 000 | B14: Изменения остатков средств на счетах по учету средств бюджетов | C14: =C17+C18 -> 0 | D14: =D17+D18 -> 0 | E14: =E17+E18 -> 0
A15: 000 01 05 02 00 00 0000 500 | B15: Увеличение прочих остатков средств бюджетов | C15: =SUM(C16) -> -1492.9 | D15: =SUM(D16) -> -868.4 | E15: =SUM(E16) -> -901.9
A16: 000 01 05 02 01 00 0000 510 | B16: Увеличение прочих остатков денежных средств бюджетов | C16: =SUM(C17) -> -1492.9 | D16: =SUM(D17) -> -868.4 | E16: =SUM(E17) -> -901.9
A17: 000 01 05 02 01 10 0000 510 | B17: Увеличение прочих остатков денежных средств бюджетов сельских поселений | C17: =-'Прил 1'!C8-C9 -> -1492.9 | D17: =-'Прил 1'!D8-D9 -> -868.4 | E17: =-'Прил 1'!E8-E9 -> -901.9
A18: 000 01 05 02 00 00 0000 600 | B18: Уменьшение прочих остатков средств бюджетов | C18: =SUM(C19) -> 1492.9 | D18: =SUM(D19) -> 868.4 | E18: =SUM(E19) -> 901.9
A19: 000 01 05 02 01 00 0000 610 | B19: Уменьшение прочих остатков денежных средств бюджетов | C19: =SUM(C20) -> 1492.9 | D19: =SUM(D20) -> 868.4 | E19: =SUM(E20) -> 901.9
A20: 000 01 05 02 01 10 0000 610 | B20: Уменьшение прочих остатков денежных средств бюджетов сельских поселений | C20: ='Прил 2'!J8-C13 -> 1492.9 | D20: ='Прил 3 '!J7-D13 -> 868.4 | E20: ='Прил 3 '!K7-E13 -> 901.9

Sheet Прил 6
C1: Приложение 6 к решению Совета депутатов Большеполянского сельского поселения "О бюджете Большеполянского сельского поселения Кадошкинского муниципального района Республики Мордовия на 2022 год и на плановый период 2023 и 2024 годов"
A2: ПРОГРАММА МУНИЦИПАЛЬНЫХ ВНУТРЕННИХ ЗАИМСТВОВАНИЙ БОЛЬШЕПОЛЯНСКОГО СЕЛЬСКОГО ПОСЕЛЕНИЯ КАДОШКИНСКОГО МУНИЦИПАЛЬНОГО РАЙОНА РЕСПУБЛИКИ МОРДОВИЯ НА 2022 ГОД И НА ПЛАНОВЫЙ ПЕРИОД 2023 И 2024 ГОДОВ
A5: № п/п | B5: Виды заимствований | C5: Сумма (тыс.руб.)
C6: 2022 год | D6: 2023 год | E6: 2024 год
A7: 1 | B7: 2 | C7: 3 | D7: 4 | E7: 5
A8: I | B8: Кредиты кредитных организаций в валюте Российской Федерации | C8: =C10 -> 0 | D8: =D10 -> 0 | E8: =E10 -> 0
B9: в том числе:
A10: 1 | B10: Объем привлечения | C10: 0 | D10: 0 | E10: 0
A11: 2 | B11: Объем средств, напрвляемых на погашение основной суммы долга
A12: II | B12: Бюджетные кредиты от других бюджетов бюджетной системы Российской Федерации | C12: =C15 -> -30.1 | D12: =D15 -> -45.1 | E12: =E15 -> -60.1
B13: в том числе
A14: 1 | B14: Объем привлечения
A15: 2 | B15: Объем средств, напрвляемых на погашение основной суммы долга | C15: ='Прил 5'!C13 -> -30.1 | D15: ='Прил 5'!D13 -> -45.1 | E15: ='Прил 5'!E13 -> -60.1
B16: ВСЕГО | C16: =C10+C15 -> -30.1 | D16: =D10+D15 -> -45.1 | E16: =E10+E15 -> -60.1
